 Dungeon Crawl Stone Soup version 0.28.0-47-ge53b351184 (webtiles) character file.

Game seed: 3319988421382049466

42 NinjaNoafa the Skirmisher (level 3, 0/29 HPs)
             Began as a Demonspawn Monk on May 10, 2022.
             Slain by an orc
             ... wielding a +0 whip
              (3 damage)
             ... on level 2 of the Dungeon.
             The game lasted 00:01:48 (991 turns).

NinjaNoafa the Skirmisher (Demonspawn Monk)          Turns: 991, Time: 00:01:48

Health: 0/29       AC:  2    Str: 11    XL:     3   Next: 35%
Magic:  3/3        EV: 13    Int: 11    God:
Gold:   15         SH:  0    Dex: 19    Spells: 2/2 levels left

rFire   . . .      SeeInvis .   h - +2 dagger (speed)
rCold   . . .      Faith    .   (no shield)
rNeg    . . .      Spirit   .   b - +0 robe
rPois   .          Reflect  .   (no helmet)
rElec   .          Harm     .   (no cloak)
rCorr   .          Rampage  .   (no gloves)
Will    .....                   (no boots)
Stlth   +++.......              (no amulet)
HPRegen 0.09/turn               (no ring)
MPRegen 0.08/turn               (no ring)

@: no status effects
A: thin skeletal structure 1
a: no special abilities


You were on level 2 of the Dungeon.
You visited 1 branch of the dungeon, and saw 2 of its levels.

You collected 15 gold pieces.

Inventory:

Hand Weapons
 a - a +0 hand axe
 h - a +2 dagger of speed (weapon)
 i - a +3 short sword
Missiles
 g - 20 stones (quivered)
Armour
 b - a +0 robe (worn)
 c - an orb of guile


   Skills:
 + Level 3.4 Fighting
 + Level 3.1 Axes
 - Level 1.0 Armour
 + Level 2.9 Dodging
 * Level 2.1 Stealth


You had 2 spell levels left.
You didn't know any spells.
Your spell library was empty.

Dungeon Overview and Level Annotations

Branches:
Dungeon (2/15)

Altars:


Innate Abilities, Weirdness & Mutations

You have a somewhat thin skeletal structure. (Dex +2, Stealth+)


Message History

The adder bites you.
The hobgoblin hits you but does no damage.
The adder bites you.
* * * LOW HITPOINT WARNING * * *
You are poisoned.
The adder poisons you!
You feel sick. The adder bites you.
* * * LOW HITPOINT WARNING * * *
The quokka bites you.
* * * LOW HITPOINT WARNING * * *
A goblin comes into view. It is wielding a +0 club.
The quokka barely misses you. The adder misses you.
A giant cockroach comes into view.
* * * LOW HITPOINT WARNING * * *
You feel sick.
An orc opens the door.
The quokka closely misses you.
* * * LOW HITPOINT WARNING * * *
You feel sick.
It was a potion of curing.
You feel better. The adder bites you.
* * * LOW HITPOINT WARNING * * *
The quokka bites you.
* * * LOW HITPOINT WARNING * * *
As you read the scroll labelled BIOLURPHOOL, it crumbles to dust.
You assume a fearsome visage.
The frilled lizard looks frightened!
The worm looks frightened!
The adder looks frightened!
The quokka looks frightened!
The orc looks frightened! x3
The hobgoblin looks frightened!
The goblin looks frightened!
The goblin shouts!
The giant cockroach looks frightened!
It was a scroll of fear.
You hear a shout!
Unknown command.
As you read the scroll labelled PAUPTI LAOSH, it crumbles to dust.
It is a scroll of amnesia.
You feel forgetful for a moment.
You see here 11 gold pieces.
The orc barely misses you.
You see here 11 gold pieces.
The orc hits you with a +0 war axe.
* * * LOW HITPOINT WARNING * * *
The orc hits you with a +0 whip.
You die...

#........^.
#..........
#..........
#........... ######
#...................
#.............######
#.............#
#..@..........#
#...o.........#
#...o.........######
#...................
#.....$.........S...
###########'#.......
#....... #o......
##o.....


You could see 2 orcs.

Vanquished Creatures
  An adder (D:2)
  2 dart slugs (D:1)
  7 ball pythons
  2 bats (D:1)
  3 endoplasms (D:1)
  A giant cockroach (D:1)
  5 goblins
  A hobgoblin (D:1)
  A quokka (D:2)
  2 frilled lizards (D:1)
  4 kobolds (D:1)
  A rat (D:1)
30 creatures vanquished.

Notes
Turn   | Place    | Note
-------+----------+-------------------------------------------
     0 | D:1      | NinjaNoafa the Demonspawn Monk began the quest for the Orb.
     0 | D:1      | Reached XP level 1. HP: 18/18 MP: 1/1
    74 | D:1      | Reached skill level 1 in Armour
    74 | D:1      | Gained mutation: You have a somewhat thin skeletal
                  | structure. (Dex +2, Stealth+) [demonic ancestry]
    74 | D:1      | Reached XP level 2. HP: 18/24 MP: 2/2
   487 | D:1      | Reached XP level 3. HP: 29/29 MP: 3/3
   535 | D:1      | You fall into a shaft and drop 1 floor!
   991 | D:2      | Slain by an orc

Illustrated notes

Levels and vault maps discovered:
D:1:      onia_arrival_mini_spirals, layout_basic, basic_ecumenical_altar,
          chequers_serial_rivers_small_3, st_stairs_11
D:2:      layout_basic, chequers_serial_rivers_marsh

Skill      XL: |  1  2 |
---------------+-------+-----
Armour         | 1 |  1.0
Stealth        | 2 |  2.1
Axes           | 3 |  3.1
Fighting       | |  3.4
Dodging        | |  2.9

Action                   || total
-------------------------++-------
Melee: Hand axe          ||    57
       Punch             ||     1
       Dagger            ||    21
  Use: Scroll            ||     2
       Potion            ||     1
 Stab: Sleeping          ||     3
Armor: Robe              ||    15
Dodge: Dodged            ||    62
